[Event "2026 Biel Blitz Open"]
[Site "Biel, CH"]
[Date "2026.07.19"]
[Round "11"]
[White "Amonatov, Farrukh"]
[Black "Kozak, Adam"]
[Result "0-1"]
[Board "7"]
[TimeControl "180+2"]
[WhiteFideId "14700077"]
[BlackFideId "753246"]
[WhiteElo "2585"]
[BlackElo "2537"]
[WhiteTitle "GM"]
[BlackTitle "GM"]
[WhiteClock "0:00:15"]
[BlackClock "0:00:06"]
[Variant "Standard"]
[EndDate "2026.07.19"]
[EndTime "15:25:38"]

1. e4 e5 2. Nf3 Nc6 3. Bb5 Nf6 4. d3 Bc5 5. Bxc6 dxc6 6. Qe2 Nd7 7. Nbd2 Qe7 8. Nc4 b6 9. O-O Ba6 10. Ne3 g6 11. a3 f6 12. b4 Bd6 13. c4 Bb7 14. Bb2 c5 15. b5 Qf7 16. Nd2 a5 17. Nd5 O-O-O 18. a4 g5 19. Ne3 Nf8 20. Nf5 Ne6 21. g3 Kb8 22. Rfe1 h5 23. Nf1 Nd4 24. Bxd4 exd4 25. Nd2 Rde8 26. Nf3 Bc8 27. Qf1 Qh7 28. Nxd6 cxd6 29. Nd2 h4 30. Qg2 Ka7 31. Re2 Qh5 32. Rae1 Re7 33. f3 hxg3 34. hxg3 Reh7 35. g4 Qe8 36. Nf1 Rh3 37. Ng3 Qe5 38. Nf1 Qf4 39. Rf2 Kb8 40. Ree2 Bd7 41. Re1 Be6 42. Rd1 Bxg4 43. Qxg4 Rh1+ 44. Kg2 R8h2+ 0-1

[Event "2026 Biel Blitz Open"]
[Site "Biel, CH"]
[Date "2026.07.19"]
[Round "11"]
[White "Ragavan, Samarth Rajesh"]
[Black "Gloeckler, Christian"]
[Result "0-1"]
[Board "8"]
[TimeControl "180+2"]
[WhiteFideId "39918106"]
[BlackFideId "34608966"]
[WhiteElo "2101"]
[BlackElo "2513"]
[BlackTitle "IM"]
[WhiteClock "0:00:23"]
[BlackClock "0:01:24"]
[Variant "Standard"]
[EndDate "2026.07.19"]
[EndTime "15:23:16"]

1. d4 Nf6 2. c4 e6 3. g3 d5 4. Bg2 Be7 5. Nf3 O-O 6. O-O Nbd7 7. Qc2 a5 8. Nbd2 c5 9. Rd1 h6 10. cxd5 Nxd5 11. Ne4 b6 12. dxc5 Nxc5 13. Nxc5 Bxc5 14. Bd2 Ba6 15. e4 Rc8 16. Qb1 Nf6 17. Bc3 Qe7 18. Qc2 Ng4 19. Rd2 Rfd8 20. Rad1 Rxd2 21. Rxd2 Rd8 22. Bd4 Bxd4 23. Rxd4 Rc8 24. Qd2 Qc7 25. h3 Nf6 26. Ne1 Bb7 27. Nd3 e5 28. Rd5 Bxd5 29. exd5 e4 30. Nf4 Qc1+ 31. Qxc1 Rxc1+ 32. Kh2 Rd1 33. g4 g5 34. Ne2 Rxd5 35. Nc3 Re5 36. Kg3 Kf8 37. Bf1 Ke7 38. Bc4 h5 39. gxh5 Nxh5+ 40. Kg4 Nf6+ 41. Kg3 e3 42. f3 Rc5 43. Bd3 Nh5+ 0-1

[Event "2026 Biel Blitz Open"]
[Site "Biel, CH"]
[Date "2026.07.19"]
[Round "11"]
[White "Rappazzo, Johannes"]
[Black "Tureshbayev, Anuar"]
[Result "1-0"]
[Board "9"]
[TimeControl "180+2"]
[WhiteFideId "1340069"]
[BlackFideId "651081709"]
[WhiteElo "2032"]
[BlackElo "2328"]
[WhiteTitle "FM"]
[BlackTitle "FM"]
[WhiteClock "0:01:26"]
[BlackClock "0:00:28"]
[Variant "Standard"]
[EndDate "2026.07.19"]
[EndTime "15:22:41"]

1. e4 c5 2. Nf3 d6 3. d4 cxd4 4. Nxd4 Nf6 5. Nc3 g6 6. Be3 Bg7 7. f3 O-O 8. Qd2 Nc6 9. Bc4 Nxd4 10. Bxd4 Be6 11. Bb3 Qa5 12. O-O-O Bxb3 13. cxb3 b5 14. Kb1 b4 15. Nd5 Nxd5 16. Bxg7 Kxg7 17. exd5 Rac8 18. h4 h5 19. g4 Rh8 20. Rhg1 hxg4 21. Rxg4 Rh5 22. Qd4+ Kh7 23. Rg5 Rh6 24. h5 Qc5 25. hxg6+ fxg6 26. Qe4 e5 27. dxe6 Qxg5 28. Qb7+ Kh8 29. Qxc8+ Kh7 30. Qd7+ Kh8 31. Rc1 Qf5+ 32. Ka1 Qc5 33. Qe8+ Kg7 34. Qe7+ Kg8 35. Qf7+ Kh8 36. Qf8+ Kh7 37. Qxh6+ Kxh6 38. Rxc5 1-0

[Event "2026 Biel Blitz Open"]
[Site "Biel, CH"]
[Date "2026.07.19"]
[Round "11"]
[White "Dong, Hongfu"]
[Black "Cao, Qingfeng"]
[Result "1/2-1/2"]
[Board "10"]
[TimeControl "180+2"]
[WhiteFideId "8626960"]
[BlackFideId "8627568"]
[WhiteElo "2290"]
[BlackElo "2264"]
[BlackTitle "IM"]
[WhiteClock "0:00:04"]
[BlackClock "0:00:03"]
[Variant "Standard"]
[EndDate "2026.07.19"]
[EndTime "15:30:54"]

1. e4 g6 2. d4 Bg7 3. Nc3 d5 4. Nxd5 c6 5. Ne3 Qxd4 6. Qxd4 Bxd4 7. c3 Bg7 8. Nc4 Nd7 9. Be3 Ngf6 10. f3 h5 11. Nh3 Bh6 12. Ng5 Nf8 13. h4 Ne6 14. g3 b6 15. Bh3 Nc7 16. Bxc8 Rxc8 17. O-O-O O-O 18. Bf4 Kg7 19. Rd3 Na6 20. Rhd1 Nc5 21. R3d2 Nh7 22. Be3 Ne6 23. Nxe6+ fxe6 24. Bxh6+ Kxh6 25. Ne5 Nf6 26. Rd3 c5 27. Kc2 g5 28. hxg5+ Kxg5 29. Rh1 b5 30. Rd2 b4 31. c4 Kh6 32. Rdh2 Kg7 33. Rd2 Rfd8 34. Rhd1 Rxd2+ 35. Rxd2 a6 36. Kb3 Rh8 37. Rh2 Rd8 38. Kc2 a5 39. Rd2 Ra8 40. Nd7 Rc8 41. Ne5 Ra8 42. Nd7 1/2-1/2

[Event "2026 Biel Blitz Open"]
[Site "Biel, CH"]
[Date "2026.07.19"]
[Round "11"]
[White "Omar, Noaman"]
[Black "Gautier, Anand"]
[Result "0-1"]
[Board "11"]
[TimeControl "180+2"]
[WhiteFideId "9300244"]
[BlackFideId "26010186"]
[WhiteElo "2274"]
[BlackElo "2198"]
[WhiteTitle "IM"]
[BlackTitle "FM"]
[WhiteClock "0:00:05"]
[BlackClock "0:00:14"]
[Variant "Standard"]
[EndDate "2026.07.19"]
[EndTime "15:23:36"]

1. d4 Nf6 2. c4 g6 3. Nc3 Bg7 4. e4 d6 5. f3 O-O 6. Be3 Nc6 7. Nge2 a6 8. Qd2 Na5 9. Nf4 b5 10. O-O-O Rb8 11. e5 Nd7 12. e6 Nb6 13. exf7+ Rxf7 14. c5 Nbc4 15. Qe1 Nxe3 16. Qxe3 Bh6 17. g3 Qf8 18. Kb1 e5 19. dxe5 dxe5 20. Qxe5 Bf5+ 21. Ka1 Bg7 22. Qd5 Kh8 23. Ne6 Bxe6 24. Qxe6 Rxf3 25. Qd5 Rf5 26. Qd2 Qxc5 27. Ne4 Qe5 0-1

[Event "2026 Biel Blitz Open"]
[Site "Biel, CH"]
[Date "2026.07.19"]
[Round "11"]
[White "Haimovich, Tal"]
[Black "Coban, Ege"]
[Result "1-0"]
[Board "12"]
[TimeControl "180+2"]
[WhiteFideId "2801698"]
[BlackFideId "26320304"]
[WhiteElo "2347"]
[BlackElo "1936"]
[WhiteTitle "IM"]
[WhiteClock "0:00:13"]
[BlackClock "0:00:05"]
[Variant "Standard"]
[EndDate "2026.07.19"]
[EndTime "15:26:05"]

1. Nf3 c5 2. b3 Nc6 3. Bb2 d6 4. e3 Bf5 5. d4 cxd4 6. exd4 Nf6 7. Nbd2 g6 8. Bb5 a6 9. Be2 Bg7 10. a3 O-O 11. O-O Qd7 12. c4 d5 13. c5 Ne4 14. b4 Rad8 15. Re1 Qc7 16. Nf1 Rfe8 17. Ne3 Bc8 18. Qb3 e6 19. a4 b6 20. Rab1 Bd7 21. Bxa6 bxc5 22. dxc5 Bxb2 23. Qxb2 Rb8 24. Bb5 Ne7 25. Bxd7 Qxd7 26. Qa3 Ra8 27. b5 Reb8 28. c6 Qc7 29. Rec1 Nc8 30. Qb4 Ncd6 31. Ne5 Nxb5 32. axb5 Qxe5 33. c7 Rc8 34. b6 Nd6 35. b7 Nxb7 36. Qxb7 d4 37. Nf1 Kg7 38. Nd2 Qd6 39. Nf3 d3 40. h3 Qd7 41. Qc6 Qe7 42. Qc3+ Qf6 43. Qxd3 Ra7 44. Qd7 Raa8 45. Rc2 Qf4 46. Rbc1 e5 47. Qd6 f6 48. Rc4 Qf5 49. Nd2 Ra2 50. Nf3 e4 51. Rc5 exf3 52. Rxf5 fxg2 53. Qd7+ Kh6 54. Qxc8 1-0

[Event "2026 Biel Blitz Open"]
[Site "Biel, CH"]
[Date "2026.07.19"]
[Round "11"]
[White "Filipovic, Branko"]
[Black "Elmi, Saad Abobaker"]
[Result "0-1"]
[Board "13"]
[TimeControl "180+2"]
[WhiteFideId "14507951"]
[BlackFideId "1553259"]
[WhiteElo "2109"]
[BlackElo "2409"]
[WhiteTitle "IM"]
[BlackTitle "IM"]
[WhiteClock "0:01:10"]
[BlackClock "0:01:30"]
[Variant "Standard"]
[EndDate "2026.07.19"]
[EndTime "15:31:10"]

1. d4 g6 2. e4 Bg7 3. Nc3 c6 4. f4 d5 5. e5 h5 6. Be3 Nh6 7. Qd2 b5 8. Nf3 Bg4 9. Be2 Bxf3 10. Bxf3 e6 11. O-O Nd7 12. b3 Bf8 13. Ne2 Be7 14. c3 Nf5 15. Bf2 Nh4 16. Be3 a5 17. Rac1 a4 18. b4 Nb6 19. g3 Nc4 20. Qd3 Nf5 21. Bf2 g5 22. fxg5 Bxg5 23. Rfe1 Bxc1 24. Rxc1 Qg5 25. Kh1 h4 26. g4 Ng3+ 0-1

[Event "2026 Biel Blitz Open"]
[Site "Biel, CH"]
[Date "2026.07.19"]
[Round "11"]
[White "Schweizer, Samuel"]
[Black "Fogo Esquivel, Levi Kalani Alexander"]
[Result "0-1"]
[Board "14"]
[TimeControl "180+2"]
[WhiteFideId "1325353"]
[BlackFideId "5183189"]
[WhiteElo "2006"]
[BlackElo "2219"]
[BlackTitle "FM"]
[WhiteClock "0:00:57"]
[BlackClock "0:01:50"]
[Variant "Standard"]
[EndDate "2026.07.19"]
[EndTime "15:22:40"]

1. e4 e5 2. Nf3 d5 3. d4 exd4 4. Qxd4 Nc6 5. Qe3 dxe4 6. Qxe4+ Be7 7. Bg5 Be6 8. Bxe7 Ngxe7 9. Bd3 Bf5 10. Qe3 Bxd3 11. cxd3 O-O 12. O-O Nb4 13. Qe4 Nc2 14. Nc3 Nxa1 15. Rxa1 Nc6 16. h4 Re8 17. Qg4 Qxd3 18. Rd1 Qg6 19. Qh3 Rad8 20. Rf1 Nd4 21. h5 Qf5 22. Qxf5 Nxf5 23. g3 Nd4 24. Nxd4 Rxd4 25. Nb5 Rd7 26. a4 c6 27. Nc3 Rd2 28. Rb1 h6 29. Kf1 Rc2 30. a5 Rd8 31. Ne4 f5 32. Nc3 Rdd2 33. Nd1 Kf7 34. a6 bxa6 35. Ra1 Kf6 36. b4 Kg5 37. Kg2 Kxh5 38. Kf3 g5 39. Kg2 Kg6 40. Kf3 h5 41. Kg2 g4 42. Kg1 Kg5 43. Kf1 h4 44. gxh4+ Kxh4 45. Kg1 f4 0-1

[Event "2026 Biel Blitz Open"]
[Site "Biel, CH"]
[Date "2026.07.19"]
[Round "11"]
[White "Maruntis, Patrik-Robert"]
[Black "Ashwath Kaushik"]
[Result "0-1"]
[Board "15"]
[TimeControl "180+2"]
[WhiteFideId "1259997"]
[BlackFideId "33387230"]
[WhiteElo "2167"]
[BlackElo "2122"]
[BlackTitle "FM"]
[WhiteClock "0:00:03"]
[BlackClock "0:01:31"]
[Variant "Standard"]
[EndDate "2026.07.19"]
[EndTime "15:22:48"]

1. e4 e6 2. d4 d5 3. Nd2 c5 4. exd5 Qxd5 5. Ngf3 cxd4 6. Bc4 Qd6 7. O-O Nf6 8. Nb3 Nc6 9. Nbxd4 Nxd4 10. Nxd4 Be7 11. Be3 O-O 12. Nb3 Qc7 13. Qe2 a6 14. a4 Bd7 15. a5 Rac8 16. Nd2 Bc6 17. Bb6 Qb8 18. h3 Nd5 19. Bxd5 Bxd5 20. c4 Bc6 21. b3 Bf6 22. Rac1 Qf4 23. Qe3 Qf5 24. Nf3 e5 25. Rfe1 Rfe8 26. Rcd1 Qg6 27. Kh2 e4 28. Nd4 Bg5 29. Qg3 Qh6 30. Nf5 Qf6 0-1

[Event "2026 Biel Blitz Open"]
[Site "Biel, CH"]
[Date "2026.07.19"]
[Round "11"]
[White "Erne, Raphael"]
[Black "Materia, Matteo"]
[Result "1-0"]
[Board "16"]
[TimeControl "180+2"]
[WhiteFideId "1341928"]
[BlackFideId "45150575"]
[WhiteElo "2128"]
[BlackElo "1881"]
[WhiteClock "0:00:31"]
[BlackClock "0:01:48"]
[Variant "Standard"]
[EndDate "2026.07.19"]
[EndTime "15:22:58"]

1. c4 d6 2. g3 g6 3. Bg2 Bg7 4. Nc3 e5 5. d3 f5 6. Nf3 Nf6 7. O-O O-O 8. b4 a5 9. b5 b6 10. Nxe5 Ra7 11. Nc6 Nxc6 12. Bxc6 Bb7 13. Bxb7 Rxb7 14. Bb2 Rb8 15. Re1 Qd7 16. Qd2 Rbe8 17. e3 d5 18. cxd5 Nxd5 19. Nxd5 Qxd5 20. Bxg7 Kxg7 21. Qc3+ Qe5 22. d4 Qd6 23. Rac1 Rf7 24. Qb3 Ree7 25. Rc6 Qd7 26. Rec1 f4 27. Rxc7 Qxc7 28. Rxc7 Rxc7 29. gxf4 Rc1+ 30. Kg2 Rfc7 31. Qe6 R7c2 32. Qe7+ Kg8 33. d5 Rxa2 34. d6 Rcc2 35. Kf3 Rxf2+ 36. Ke4 Ra4+ 37. Ke5 Re2 38. Kf6 1-0

[Event "2026 Biel Blitz Open"]
[Site "Biel, CH"]
[Date "2026.07.19"]
[Round "11"]
[White "Vihaan Dumir"]
[Black "Fernandes Barbosa Dos Santos, Gabriel"]
[Result "0-1"]
[Board "17"]
[TimeControl "180+2"]
[WhiteFideId "25901010"]
[BlackFideId "1354388"]
[WhiteElo "1965"]
[BlackElo "2167"]
[WhiteTitle "CM"]
[BlackTitle "CM"]
[WhiteClock "0:00:17"]
[BlackClock "0:00:02"]
[Variant "Standard"]
[EndDate "2026.07.19"]
[EndTime "15:24:35"]

1. d4 Nf6 2. Bg5 d5 3. e3 Nbd7 4. f4 e6 5. Nf3 Be7 6. Bd3 b6 7. O-O Bb7 8. Ne5 O-O 9. Nd2 h6 10. Bh4 Ne4 11. Bxe7 Qxe7 12. Bxe4 dxe4 13. Nxd7 Qxd7 14. Qg4 c5 15. c3 cxd4 16. cxd4 Rac8 17. Rfc1 Qb5 18. Kf2 Qxb2 19. Qd1 f5 20. Rcb1 Qc3 21. Rc1 Qd3 22. Nb3 Qxd1 23. Rxd1 Rc2+ 24. Rd2 Rfc8 25. Rad1 Bd5 26. Ke1 a5 27. Rxc2 Rxc2 28. Rd2 Bxb3 29. axb3 Rxd2 30. Kxd2 b5 31. Kc3 Kf7 32. h3 g5 33. g4 Kf6 34. Kd2 gxf4 35. exf4 Kg6 36. Ke3 Kf6 37. Kd2 Ke7 38. d5 exd5 39. Kc3 Kf6 40. Kd4 a4 41. bxa4 bxa4 42. Kc3 e3 43. Kd3 a3 44. Kd4 0-1

[Event "2026 Biel Blitz Open"]
[Site "Biel, CH"]
[Date "2026.07.19"]
[Round "11"]
[White "Nguyen Thi Mai Hung"]
[Black "Gluckman, David"]
[Result "1-0"]
[Board "18"]
[TimeControl "180+2"]
[WhiteFideId "12401676"]
[BlackFideId "14300010"]
[WhiteElo "2039"]
[BlackElo "2240"]
[WhiteTitle "WGM"]
[BlackTitle "IM"]
[WhiteClock "0:03:02"]
[BlackClock "0:01:04"]
[Variant "Standard"]
[EndDate "2026.07.19"]
[EndTime "15:31:23"]

1. d4 e6 2. Nf3 f5 3. Bf4 Nf6 4. e3 Be7 5. h3 O-O 6. c4 b6 7. Nc3 Bb7 8. Bd3 h6 9. Qe2 d6 10. Bh2 Ne4 11. Bxe4 fxe4 12. Nd2 d5 13. O-O Bd6 14. Rac1 Bxh2+ 15. Kxh2 Nd7 16. Qg4 Rf6 17. b4 Qe7 18. a3 c6 19. f3 exf3 20. Rxf3 Rf4 21. Rf2 Rf3 1-0

[Event "2026 Biel Blitz Open"]
[Site "Biel, CH"]
[Date "2026.07.19"]
[Round "11"]
[White "Schweizer, Simon"]
[Black "El-Mais, Ibaa"]
[Result "1-0"]
[Board "19"]
[TimeControl "180+2"]
[WhiteFideId "1325361"]
[BlackFideId "1312715"]
[WhiteElo "2182"]
[BlackElo "2012"]
[WhiteClock "0:02:06"]
[BlackClock "0:00:07"]
[Variant "Standard"]
[EndDate "2026.07.19"]
[EndTime "15:23:06"]

1. e4 e5 2. Nf3 Nc6 3. Nc3 Nf6 4. g3 Nxe4 5. Nxe4 d5 6. Nc3 d4 7. Bg2 dxc3 8. bxc3 Bg4 9. Qe2 Qd5 10. h3 Be6 11. O-O f6 12. d4 O-O-O 13. Re1 Bd6 14. Nxe5 fxe5 15. Bxd5 Bxd5 16. Be3 Rhf8 17. c4 Bf3 18. Qf1 exd4 19. Bg5 Rd7 20. h4 h6 21. Bd2 Rdf7 22. a4 Bg4 23. a5 Bxg3 24. fxg3 Rxf1+ 25. Rxf1 Rd8 26. Rf7 g6 27. Bxh6 Bf5 28. a6 bxa6 29. Rxa6 Ne5 30. Rg7 Bxc2 31. Rxa7 Be4 32. Rgxc7+ Kb8 33. Bf4 Re8 34. Re7 1-0

[Event "2026 Biel Blitz Open"]
[Site "Biel, CH"]
[Date "2026.07.19"]
[Round "11"]
[White "Liu, Bei"]
[Black "Stefan, Romulus-Cristian"]
[Result "1/2-1/2"]
[Board "20"]
[TimeControl "180+2"]
[WhiteFideId "8603596"]
[BlackFideId "1232835"]
[WhiteElo "2170"]
[BlackElo "2048"]
[BlackTitle "CM"]
[WhiteClock "0:00:01"]
[BlackClock "0:00:51"]
[Variant "Standard"]
[EndDate "2026.07.19"]
[EndTime "15:31:17"]

1. e4 e5 2. Nf3 Nc6 3. Bb5 a6 4. Ba4 Nf6 5. O-O Be7 6. Re1 b5 7. Bb3 d6 8. c3 O-O 9. h3 Bb7 10. d4 Re8 11. Ng5 Rf8 12. Nf3 Re8 13. Nbd2 Bf8 14. a3 Nb8 15. Bc2 h6 16. b3 Nbd7 17. Bd3 d5 18. dxe5 dxe4 19. Nxe4 Nxe4 20. Bxe4 Bxe4 21. Rxe4 Nxe5 22. Qxd8 Nxf3+ 23. gxf3 Raxd8 24. Bf4 Rxe4 25. fxe4 Rd3 26. c4 Rxb3 27. cxb5 axb5 28. a4 bxa4 29. Rxa4 Bd6 30. Bxd6 cxd6 31. Rd4 Rxh3 32. Rxd6 f6 33. Rd7 Kh7 34. Kg2 Ra3 35. f3 Kg6 36. Kg3 h5 37. Kf4 Rb3 38. Rd8 Kh6 39. Rh8+ Kg6 40. Rf8 h4 41. Rh8 Kf7 42. Kg4 g5 43. f4 Rg3+ 44. Kf5 Rf3 45. Rh7+ Kg8 46. Ra7 Rxf4+ 47. Kg6 Kf8 48. e5 fxe5 49. Kxg5 Re4 50. Kf5 Re3 51. Rh7 h3 52. Kg4 Kg8 53. Rxh3 Rxh3 54. Kxh3 Kf7 55. Kg3 Ke6 56. Kf3 Kf5 57. Ke3 e4 58. Ke2 Ke5 59. Ke3 Kf5 60. Ke2 1/2-1/2

[Event "2026 Biel Blitz Open"]
[Site "Biel, CH"]
[Date "2026.07.19"]
[Round "11"]
[White "Dietiker, Manuel"]
[Black "Kelecevic, Nedeljko"]
[Result "0-1"]
[Board "21"]
[TimeControl "180+2"]
[WhiteFideId "1317377"]
[BlackFideId "14400537"]
[WhiteElo "2002"]
[BlackElo "2150"]
[BlackTitle "IM"]
[WhiteClock "0:00:24"]
[BlackClock "0:01:07"]
[Variant "Standard"]
[EndDate "2026.07.19"]
[EndTime "15:31:40"]

1. e4 e6 2. d4 d5 3. Bd3 dxe4 4. Bxe4 Nf6 5. Bf3 c5 6. c3 cxd4 7. cxd4 Nc6 8. Ne2 Be7 9. O-O O-O 10. Nbc3 Nb4 11. Bf4 Nbd5 12. Bg3 a6 13. Qb3 b5 14. Rac1 Bb7 15. a4 Nxc3 16. Rxc3 Bxf3 17. Rxf3 bxa4 18. Qxa4 Nd5 19. Nc3 Ra7 20. Ne4 Rb7 21. Rb3 Rxb3 22. Qxb3 Qd7 23. Nc5 Qa7 24. Rc1 Rc8 25. Qc4 a5 26. h3 h6 27. b3 Qb6 28. Qc2 Bd6 29. Bxd6 Qxd6 30. Qd2 Nb4 31. Ra1 Rxc5 32. Ra4 Rd5 33. Qc3 Rxd4 34. g3 Rd1+ 35. Kh2 Qd5 0-1

[Event "2026 Biel Blitz Open"]
[Site "Biel, CH"]
[Date "2026.07.19"]
[Round "11"]
[White "Clausen, Martin"]
[Black "Gireada, Daniel"]
[Result "1-0"]
[Board "22"]
[TimeControl "180+2"]
[WhiteFideId "1314882"]
[BlackFideId "1206451"]
[WhiteElo "1956"]
[BlackElo "2148"]
[WhiteClock "0:00:18"]
[BlackClock "0:00:14"]
[Variant "Standard"]
[EndDate "2026.07.19"]
[EndTime "15:25:38"]

1. e4 c6 2. d4 d5 3. Nc3 dxe4 4. Bc4 Nf6 5. f3 exf3 6. Nxf3 e6 7. O-O b5 8. Bd3 Nbd7 9. Bg5 Be7 10. Qe1 h6 11. Bf4 Nb6 12. Rd1 Nbd5 13. Be5 Bb7 14. a3 a6 15. Nxd5 Nxd5 16. Be4 Nf6 17. Bd3 c5 18. dxc5 Bxc5+ 19. Kh1 Qe7 20. Nd2 Bd6 21. Nf3 Rd8 22. Qe2 Bxf3 23. Rxf3 Bxe5 24. Qxe5 O-O 25. Rdf1 Rd5 26. Qg3 Rg5 27. Qf2 Rd8 28. Rg3 Rxg3 29. Qxg3 Nd5 30. Re1 g6 31. Qe5 Qf6 32. Qe4 Nf4 33. Rf1 Rd4 34. Qa8+ Kg7 35. g3 g5 36. gxf4 gxf4 37. Rg1+ Qg5 38. Rxg5+ hxg5 39. Qxa6 f3 40. Kg1 Rf4 41. Kf2 e5 42. Qd6 f6 43. Qe7+ Kg8 44. Bxb5 e4 45. Bc4+ Kh8 46. Qf8+ Kh7 47. Bg8+ Kh8 48. Bf7+ Kh7 49. Qg8+ Kh6 50. Qg6# 1-0

[Event "2026 Biel Blitz Open"]
[Site "Biel, CH"]
[Date "2026.07.19"]
[Round "11"]
[White "Huang,Hsuan-Chen"]
[Black "Matsumura, Cocoro"]
[Result "1-0"]
[Board "23"]
[TimeControl "180+2"]
[WhiteFideId "16303121"]
[BlackFideId "36087114"]
[WhiteElo "1833"]
[BlackElo "2131"]
[BlackTitle "CM"]
[WhiteClock "0:00:18"]
[BlackClock "0:00:09"]
[Variant "Standard"]
[EndDate "2026.07.19"]
[EndTime "15:25:46"]

1. d4 d5 2. Nf3 Nf6 3. e3 c5 4. c3 Nc6 5. Nbd2 cxd4 6. exd4 Bf5 7. h3 e6 8. g4 Bg6 9. Ne5 Nxe5 10. dxe5 Nd7 11. h4 Nxe5 12. Bb5+ Nc6 13. h5 Be4 14. f3 Qb6 15. Bxc6+ bxc6 16. fxe4 Qe3+ 17. Qe2 Qg3+ 18. Kf1 Be7 19. exd5 cxd5 20. Qf3 Qe5 21. Nb3 O-O 22. Bf4 Qf6 23. Kg2 e5 24. Bg3 Qe6 25. Rhe1 e4 26. Qf5 Qc6 27. Rad1 Rad8 28. Nd4 Qb6 29. Re2 g6 30. Qf2 Bc5 31. b4 Be7 32. a4 Qa6 33. b5 Qxa4 34. Nc6 Bg5 35. Rb1 e3 36. Rxe3 Qxg4 37. Re5 f6 38. Re7 f5 39. Nxd8 Bxe7 40. Ne6 Qe4+ 41. Kh2 Qxe6 42. Re1 Qd7 43. hxg6 hxg6 44. Qd4 Bf6 45. Qc5 Kg7 46. Be5 Bxe5+ 47. Rxe5 Rh8+ 48. Kg2 f4 49. Re7+ Qxe7 50. Qxe7+ Kh6 51. Qe5 g5 52. Qxh8+ 1-0

[Event "2026 Biel Blitz Open"]
[Site "Biel, CH"]
[Date "2026.07.19"]
[Round "11"]
[White "Kwiatkowski, Maciej"]
[Black "Stefan, Iulia-Cristiana"]
[Result "0-1"]
[Board "24"]
[TimeControl "180+2"]
[WhiteFideId "1360175"]
[BlackFideId "1273876"]
[WhiteElo "1967"]
[BlackElo "2050"]
[BlackTitle "WFM"]
[WhiteClock "0:00:12"]
[BlackClock "0:00:09"]
[Variant "Standard"]
[EndDate "2026.07.19"]
[EndTime "15:30:06"]

1. e4 e5 2. Nf3 Nc6 3. Bb5 a6 4. Ba4 d6 5. c3 Bd7 6. O-O g6 7. d4 Bg7 8. h3 b5 9. Bb3 Nf6 10. Re1 O-O 11. Nbd2 Re8 12. Bc2 Qc8 13. Nf1 Na5 14. Ng3 c5 15. d5 Nc4 16. b3 Nb6 17. Be3 Qc7 18. Nh2 a5 19. f4 exf4 20. Bxf4 c4 21. Qf3 cxb3 22. axb3 Rec8 23. e5 Nfxd5 24. exd6 Qxc3 25. Qxc3 Rxc3 26. Be4 Rxb3 27. Bg5 Bxa1 28. Rxa1 a4 29. Ng4 a3 30. Bf6 Bxg4 31. hxg4 0-1

[Event "2026 Biel Blitz Open"]
[Site "Biel, CH"]
[Date "2026.07.19"]
[Round "11"]
[White "Xu, Chang(CQ)"]
[Black "Python, Noe"]
[Result "1-0"]
[Board "25"]
[TimeControl "180+2"]
[WhiteFideId "8641757"]
[BlackFideId "1337637"]
[WhiteElo "2049"]
[BlackElo "2010"]
[WhiteClock "0:01:09"]
[BlackClock "0:00:04"]
[Variant "Standard"]
[EndDate "2026.07.19"]
[EndTime "15:31:32"]

1. e4 c6 2. d4 d5 3. e5 c5 4. Nf3 cxd4 5. Nxd4 Nc6 6. Nxc6 bxc6 7. Bd3 e6 8. Nd2 a5 9. Qe2 Qb6 10. Nf3 Ba6 11. O-O Ne7 12. Be3 c5 13. c4 d4 14. Bf4 Ng6 15. Bg3 Be7 16. h4 Rb8 17. b3 Nf8 18. h5 h6 19. Rfe1 Nd7 20. Bh4 Qd8 21. Bxe7 Qxe7 22. Qe4 Bb7 23. Qg4 O-O 24. Qg3 Bxf3 25. Qxf3 f5 26. exf6 Nxf6 27. Qh3 e5 28. f3 Rbe8 29. Re2 Qd7 30. Bf5 Qb7 31. Rae1 Qc7 32. Be6+ Kh8 33. Rxe5 Re7 34. f4 Rfe8 35. f5 a4 36. bxa4 Qa5 37. Qa3 Nxh5 38. Qxc5 Qxa4 39. Qxd4 Qa3 40. Qe3 Qa4 41. c5 Qxa2 42. Bxa2 1-0

[Event "2026 Biel Blitz Open"]
[Site "Biel, CH"]
[Date "2026.07.19"]
[Round "11"]
[White "Bajraktari, Perparim"]
[Black "Haugner, Jan"]
[Result "1-0"]
[Board "26"]
[TimeControl "180+2"]
[WhiteFideId "1307711"]
[BlackFideId "24655244"]
[WhiteElo "2045"]
[BlackElo "1976"]
[WhiteClock "0:01:00"]
[BlackClock "0:00:31"]
[Variant "Standard"]
[EndDate "2026.07.19"]
[EndTime "15:23:06"]

1. c4 e6 2. b3 d5 3. Bb2 Nf6 4. Nf3 Nc6 5. g3 d4 6. Bg2 Bc5 7. O-O O-O 8. a3 a5 9. d3 e5 10. Nbd2 Re8 11. Ng5 Bf8 12. Rb1 h6 13. Nge4 Nxe4 14. Nxe4 f5 15. Nd2 Be6 16. Nf3 Bf7 17. e3 dxe3 18. fxe3 Bc5 19. d4 exd4 20. exd4 Bd6 21. Kh1 Bh5 22. Qd3 f4 23. c5 Be7 24. d5 Na7 25. b4 fxg3 26. hxg3 Bf6 27. Nd4 axb4 28. axb4 Bf7 29. Nf5 Bxb2 30. Rxb2 Qg5 31. Rbf2 Bg6 32. Qb3 Kh8 33. d6 cxd6 34. Nxd6 Re3 35. Rf8+ 1-0

[Event "2026 Biel Blitz Open"]
[Site "Biel, CH"]
[Date "2026.07.19"]
[Round "11"]
[White "Rohrer, Christophe"]
[Black "Kutonov, Yehor"]
[Result "1/2-1/2"]
[Board "27"]
[TimeControl "180+2"]
[WhiteFideId "1326546"]
[BlackFideId "1364804"]
[WhiteElo "2216"]
[BlackElo "1805"]
[WhiteTitle "FM"]
[WhiteClock "0:00:10"]
[BlackClock "0:00:12"]
[Variant "Standard"]
[EndDate "2026.07.19"]
[EndTime "15:25:20"]

1. e4 c5 2. Nf3 d6 3. Bc4 e6 4. O-O Nc6 5. d3 Be7 6. Re1 Nf6 7. c3 a6 8. a4 O-O 9. Nbd2 b6 10. Bb3 Bb7 11. Nf1 Rc8 12. Ng3 Qd7 13. h3 Rfd8 14. d4 cxd4 15. cxd4 d5 16. e5 Ne8 17. Bc2 Nb4 18. Bb1 Nc7 19. Bd2 a5 20. Bc3 Nca6 21. Nh2 Nc6 22. Nh5 Nab4 23. Qg4 g6 24. Nf6+ Bxf6 25. exf6 Qe8 26. Qh4 Ba6 27. Ng4 Bd3 28. Re3 Bxb1 29. Rxb1 h5 30. Ne5 Nxe5 31. Rxe5 Nc6 32. Rg5 Kh7 33. g4 Qf8 34. gxh5 Qh6 35. hxg6+ fxg6 36. Qg3 Rf8 37. Bd2 Rxf6 38. Rd1 Qg7 39. Qh4+ Kg8 40. Bf4 Rcf8 41. Bd6 R8f7 42. Rd3 e5 43. dxe5 Rf5 44. Rdg3 Nxe5 45. Rxf5 Rxf5 46. Qd8+ Kh7 47. Bxe5 Qxe5 48. Rg4 Qe1+ 49. Kh2 Qxf2+ 50. Rg2 Qf4+ 51. Rg3 Qf2+ 52. Rg2 Qf4+ 1/2-1/2

[Event "2026 Biel Blitz Open"]
[Site "Biel, CH"]
[Date "2026.07.19"]
[Round "11"]
[White "Stevens, Christian"]
[Black "Kolly, Jacques"]
[Result "0-1"]
[Board "28"]
[TimeControl "180+2"]
[WhiteFideId "649090"]
[BlackFideId "1302183"]
[WhiteElo "1912"]
[BlackElo "2203"]
[BlackTitle "FM"]
[WhiteClock "0:00:44"]
[BlackClock "0:00:52"]
[Variant "Standard"]
[EndDate "2026.07.19"]
[EndTime "15:29:00"]

1. e4 e6 2. d4 d5 3. Nc3 Nf6 4. e5 Nfd7 5. f4 c5 6. Nf3 Nc6 7. Be3 cxd4 8. Nxd4 a6 9. Nce2 Ndb8 10. c3 Nxd4 11. cxd4 Nc6 12. g3 b5 13. Bg2 Bb7 14. O-O g6 15. g4 h5 16. h3 hxg4 17. hxg4 Qb6 18. f5 gxf5 19. gxf5 O-O-O 20. Rc1 Kb8 21. fxe6 fxe6 22. Qd3 Bh6 23. Rf6 Nxe5 24. Qc3 Bxe3+ 25. Qxe3 Nc4 26. Qg3+ Ka8 27. b3 Nd2 28. Nf4 Qxd4+ 0-1